 Dungeon Crawl Stone Soup version 0.30-a0-540-g0af01429fa (webtiles) character file.

Game seed: 6925170182011849502

59 porpoise the Caller (level 4, -4/30 HPs)
             Began as a Barachi Summoner on Dec 26, 2022.
             Was an Initiate of Cheibriados.
             Slain by a gnoll
             ... wielding a +0 halberd
              (11 damage)
             ... on level 2 of the Dungeon.
             The game lasted 00:08:58 (1923 turns).

porpoise the Caller (Barachi Summoner)              Turns: 1923, Time: 00:08:59

Health: -4/30      AC:  8    Str: 10    XL:     4   Next: 3%
Magic:  4/9        EV: 11    Int: 19    God:    Cheibriados [......]
Gold:   54         SH:  0    Dex: 13    Spells: 3/9 levels left

rFire   . . .      SeeInvis .    a - +0 short sword
rCold   x . .      Faith    .    (no shield)
rNeg    + . .      Spirit   .    l - +2 leather armour {rN+}
rPois   +          Reflect  .    (no helmet)
rElec   +          Harm     .    m - +2 cloak of the Cooper {rElec rPois rC- Stlth+}
rCorr   .          Rampage  .    (no gloves)
Will    .....                    (no boots)
Stlth   +++                      (no amulet)
HPRegen 0.25/turn                (no ring)
MPRegen 0.11/turn                (no ring)

@: very slow
A: amphibious, slowness 1, strong legs 1, +LOS
a: Hop, Renounce Religion


You were on level 2 of the Dungeon.
You worshipped Cheibriados.
Cheibriados was noncommittal.
You visited 2 branches of the dungeon, and saw 5 of its levels.

You collected 54 gold pieces.

Inventory:

Hand Weapons
 a - a +0 short sword (weapon)
 f - a +0 mace
Armour
 d - a +0 robe
 l - a +2 leather armour of positive energy (worn)
 m - the +2 cloak of the Cooper (worn) {rElec rPois rC- Stlth+}
   (You found it on level 4 of the Dungeon)

   rC:        It makes you vulnerable to cold.
   rElec:     It insulates you from electricity.
   rPois:     It protects you from poison.
   Stlth:     It makes you more stealthy.
Potions
 b - a potion of magic
 c - a potion of attraction {unknown}
 h - 2 potions of curing
 j - 2 potions of haste {unknown}
 k - a potion of mutation {unknown}


   Skills:
 - Level 2.1 Dodging
 - Level 1.7 Stealth
 + Level 3.4 Spellcasting
 + Level 5.8 Summonings


You had 3 spell levels left.
You knew the following spells:

 Your Spells              Type           Power      Damage    Failure   Level
a - Summon Small Mammal   Summ           100%       N/A       1%          1
b - Call Imp              Summ           25%        N/A       2%          2
c - Call Canine Familiar  Summ           25%        N/A       5%          3

Your spell library contained the following spells:

 Spells                   Type           Power      Damage    Failure   Level
 Summon Guardian Golem    Hex/Summ       14%        N/A       19%         3
 Beastly Appendage        Tmut           6%         N/A       21%         1
 Ensorcelled Hibernation  Hex/Ice        6%         N/A       30%         2
 Passwall                 Tmut/Erth      2%         N/A       30%         2
 Wereblood                Tmut           3%         N/A       30%         2
 Spider Form              Tmut/Pois      3%         N/A       52%         3
 Swiftness                Air            3%         N/A       52%         3
 Summon Lightning Spire   Summ/Air       14%        N/A       52%         4


Dungeon Overview and Level Annotations

Branches:
Dungeon (4/15)             Temple (1/1) D:4

Altars:
Ashenzari
Cheibriados
Dithmenos
Fedhas
Hepliaklqana
Kikubaaqudgha
Makhleb
Okawaru
Qazlal
Ru
Sif Muna
Trog
Uskayaw
Vehumet
Wu Jian
Xom
Yredelemnul
Zin
The Shining One

Annotations:
D:4 2 transporters, Jase's ghost, amateur VSFi


Innate Abilities, Weirdness & Mutations

You are amphibious.
You cover ground slowly.
You can hop short distances.
You have an extended range of vision and can be seen from far away.


Message History

The hobgoblin closely misses you.
You climb upwards.
Found a scroll labelled BOZXIG CIRAVUA.
There is a stone staircase leading down here.
Okay, then.
As you read the scroll labelled PYMAFOANEG, it crumbles to dust.
It is a scroll of identify.
h - 2 potions of curing The gnoll shouts! x3
The adder barely misses you. The gnoll barely misses you.
The hobgoblin hits you but does no damage.
The gnoll shouts!
The air fills with toxic fumes!
As you read the scroll of poison, it crumbles to dust.
The adder barely misses you. x2; The gnoll hits you with a +0 halberd!
The gnoll barely misses you.
The hobgoblin hits you but does no damage.
You barely miss the gnoll. The adder bites you but does no damage.
The gnoll hits you but does no damage.
The gnoll hits you from afar with a +0 spear.
The hobgoblin misses you.
You barely miss the gnoll. The adder bites you but does no damage.
The gnoll closely misses you. x2
The hobgoblin hits you but does no damage.
You hit the gnoll but do no damage. The adder bites you but does no damage.
The gnoll barely misses you. The gnoll misses you.
The adder bites you but does no damage.
The hobgoblin hits you but does no damage.
You hit the gnoll.
The gnoll is moderately wounded.
The adder barely misses you. The gnoll hits you with a +0 halberd!
The gnoll hits you from afar with a +0 spear.
* * * LOW HITPOINT WARNING * * *
The hobgoblin closely misses you.
You aren't carrying any scrolls.
Unknown command.
Casting: Summon Small Mammal (safe; 1% risk of failure)
Confirm with . or Enter, or press ? or * to list all spells.
The adder bites you but does no damage. The gnoll hits you with a +0 halberd!
You die...

## ##§ #§§
#§§ §#####g§
§☼§g§§hS####
#§gg@g§#
#§§§§§§###§#
#§###§ # §§
## ## .#
#.### ....
..#


You could see 4 gnolls, an adder, a hobgoblin and a friendly hound (summoned).

Vanquished Creatures
  An endoplasm (D:1)
  A jackal (D:3)
  A kobold (D:1)
  A quokka (D:2)
  2 ball pythons
  A bat (D:2)
  A frilled lizard (D:1)
  A goblin (D:2)
9 creatures vanquished.

Vanquished Creatures (collateral kills)
  A jelly (D:4)
  2 endoplasms
  A giant cockroach (D:1)
  3 goblins (D:1)
  4 hobgoblins
  4 bats (D:1)
  A frilled lizard (D:2)
  2 kobolds
  A rat (D:1)
19 creatures vanquished.

Grand Total: 28 creatures vanquished

Notes
Turn   | Place    | Note
-------+----------+-------------------------------------------
     0 | D:1      | porpoise the Barachi Summoner began the quest for the Orb.
     0 | D:1      | Reached XP level 1. HP: 13/13 MP: 3/3
   155 | D:1      | Reached skill level 5 in Summonings
   293 | D:1      | Reached XP level 2. HP: 19/19 MP: 2/5
   322 | D:1      | Learned a level 2 spell: Call Imp
  1178 | D:2      | Reached XP level 3. HP: 24/24 MP: 5/7
  1182 | D:2      | Learned a level 3 spell: Call Canine Familiar
  1212 | D:2      | You fall into a shaft and drop 2 floors!
  1346 | D:4      | Found a staircase to the Ecumenical Temple.
  1354 | Temple   | Entered the Ecumenical Temple
  1678 | Temple   | Became a worshipper of Cheibriados the Contemplative
  1755 | D:4      | Identified the +2 cloak of the Cooper {rElec rPois rC-
                  | Stlth+}
  1835 | D:4      | Reached XP level 4. HP: 25/30 MP: 7/9
  1872 | D:4      | Noticed Jase's ghost (amateur VSFi)
  1873 | D:4      | Found a transporter.
  1873 | D:4      | Identified the +1 dire flail of Peaxyoxo {vorpal, rPois
                  | Int+3}
  1873 | D:4      | Noticed an ogre
  1874 | D:4      | Found a transporter.
  1874 | D:4      | Noticed an ogre
  1889 | D:4      | Noticed a phantom
  1923 | D:2      | Slain by a gnoll

Illustrated notes

Levels and vault maps discovered:
D:1:      dpeg_arrival_morbid_curiosity, layout_basic
D:2:      layout_rooms, hellmonk_ecumenical_altar_pennies_from_heaven
D:3:      layout_loops_ring, serial_shops, nicolae_shop_advertising_works
          [nicolae_subvault_shop_adworks], shop, portal_sewer_entry_b
D:4:      layout_basic, mainiacjoe_overflow_tiny_flanked,
          minmay_temple_entry_wispy, gammafunk_ghost_smash,
          nicolae_stop_n_shop_2, chequers_serial_rivers_large_a
Temple:   compressed_dpeg_triangle_lava_temple

Skill      XL: |  1  2  3 |
---------------+----------+-----
Summonings     | 5 |  5.8
Spellcasting   | 3 |  3.4
Dodging        | |  2.1
Stealth        | |  1.7

Action                   |  1- 3 |  4- 6 || total
-------------------------+-------+-------++-------
Melee: Unarmed           |     1 |       ||     1
       Short sword       |    51 |     9 ||    60
       Mace              |     1 |       ||     1
 Cast: Summon Small Mamm |    25 |     3 ||    28
       Call Imp          |     1 |       ||     1
       Call Canine Famil |       |     2 ||     2
  Use: Scroll            |     1 |     3 ||     4
Armor: Robe              |    21 |       ||    21
       Leather armour    |     4 |    12 ||    16
Dodge: Dodged            |    41 |    21 ||    62

Table legend: (Time is in decaauts)
 A = Elapsed time spent in this place.
 B = Non-inter-level travel time spent in this place.
 C = Inter-level travel time spent in this place.
 D = Time resting spent in this place.
 E = Time spent auto-exploring this place.
 F = Levels seen in this place.
 G = Mean time per level.
                   A        B        C        D        E       F      G
               +--------+--------+--------+--------+--------+-----+--------+
         Total |   2204 |   2163 |     41 |    464 |   1196 |   5 |  440.8 |
       Dungeon |   1796 |   1774 |     22 |    464 |    852 |   4 |  449.0 |
        Temple |    408 |    390 |     18 |      0 |    344 |   1 |  408.0 |
               +--------+--------+--------+--------+--------+-----+--------+

Top non-repeatable levels by time:
     D:1: 1175 daAuts
     D:4: 426 daAuts
  Temple: 408 daAuts
     D:2: 179 daAuts
     D:3: 14 daAuts
